 Dungeon Crawl Stone Soup version bcrawl-1.20 (webtiles) character file.

Game seed: 16962308431275205788

60 Freyura the Skirmisher (level 3, 0/29 HPs)
             Began as a Demonspawn Abyssal Knight on Jan 21, 2020.
             Was a Believer of Lugonu.
             Slain by an ice beast (1 damage)
             ... on level 3 of the Dungeon.
             The game lasted 00:04:42 (2824 turns).

Freyura the Skirmisher (Demonspawn Abyssal Knight)  Turns: 2824, Time: 00:04:43

Health: 0/29       AC:  3    Str: 12    XL:     3   Next: 80%
Magic:  5/5        EV: 11    Int: 13    God:    Lugonu [**....]
Gold:   82         SH:  0    Dex: 13    Spells: 2/2 levels left

rFire    . . .     SeeInvis .   a - +1 mace
rCold    . . .     Gourm    .   (no shield)
rNeg     . . .     Faith    .   b - +0 leather armour
rPois    .         Spirit   .   (no helmet)
rElec    .         Reflect  .   (no cloak)
rCorr    .         Harm     .   (no gloves)
MR       .....                  (no boots)
Stlth    +.........             (no amulet)
HPRegen  0.09/turn              (no ring)
MPRegen  0.09/turn              (no ring)

@: no status effects
A: hooves 1
a: Depart the Abyss, Bend Space, Banish, Renounce Religion


You were on level 3 of the Dungeon.
You worshipped Lugonu.
Lugonu was pleased with you.
You were hungry.

You visited 1 branch of the dungeon, and saw 3 of its levels.
You visited the Abyss 1 time.

You collected 82 gold pieces.

Inventory:

Hand Weapons
 a - a +1 mace (weapon)
Missiles
 c - 477 stones (quivered)
Armour
 b - a +0 leather armour (worn)
Scrolls
 d - a scroll of enchant weapon {unknown}
 h - 2 scrolls of noise {unknown}
 i - a scroll of fear {unknown}
 j - 2 scrolls of remove curse {unknown}
 k - 2 scrolls of identify {unknown}
 l - a scroll of teleportation {unknown}
 m - a scroll of amnesia {unknown}
 n - a scroll of blinking {unknown}
Potions
 f - a potion of curing
 g - a potion of brilliance {unknown}
 o - a potion of degeneration {unknown}
Comestibles
 e - a ration {!d}


   Skills:
 + Level 3.3 Fighting
 * Level 2.6 Maces & Flails
 + Level 2.1 Armour
 + Level 1.5 Dodging
 + Level 3.3 Invocations


You had 2 spell levels left.
You didn't know any spells.
Your spell library was empty.

Dungeon Overview and Level Annotations

Branches:
Dungeon (3/12)

Altars:
Hepliaklqana
Kikubaaqudgha
Lugonu


Innate Abilities, Weirdness & Mutations

You have large cloven feet.


Message History

Where to? (Enter - D:1 @ (x,y), ? - help)
What level of the Dungeon? (default 1, ? - help)
There is a stone staircase leading down here.
You climb downwards.
An ice beast comes into view.
There is a stone staircase leading up here.
You aren't carrying any items that you can evoke.
Okay, then.
You hit the ice beast but do no damage. The ice beast barely misses you.
You closely miss the ice beast. The ice beast hits you.
The ice beast freezes you!
You hit the ice beast. Your kick misses the ice beast.
The ice beast is lightly wounded.
The ice beast hits you. The ice beast freezes you!
* * * LOW HITPOINT WARNING * * *
You hit the ice beast but do no damage.
You kick the ice beast, but do no damage.
The ice beast is lightly wounded.
The ice beast hits you.
You die...

###
#.#
#.#
#@#
#Y#
#.#
#.#
#.#
#.#
#.#
#.#


You could see an ice beast.

Vanquished Creatures
  An adder (D:2)
  An ooze (D:2)
  4 leopard geckos (D:1)
  3 giant cockroaches
  3 goblins
  6 hobgoblins
  A jackal (D:1)
  9 kobolds
  A quokka (D:2)
  2 ball pythons
  2 bats
  2 frilled lizards
  2 rats
37 creatures vanquished.

Notes
Turn   | Place    | Note
-------+----------+-------------------------------------------
     0 | Abyss:1  | Freyura the Demonspawn Abyssal Knight began the quest for
                  | the Orb.
     0 | Abyss:1  | Reached XP level 1. HP: 18/18 MP: 2/2
     1 | Abyss:1  | Found a hazy altar of Hepliaklqana.
     4 | D:1      | Escaped the Abyss
   207 | D:1      | Reached skill level 1 in Dodging
   357 | D:1      | Gained mutation: You have large cloven feet. [demonic
                  | ancestry]
   357 | D:1      | Reached XP level 2. HP: 10/24 MP: 4/4
  1079 | D:1      | Reached XP level 3. HP: 8/29 MP: 5/5
  1522 | D:2      | Found a corrupted altar of Lugonu.
  1890 | D:2      | Found a hazy altar of Hepliaklqana.
  1891 | D:2      | Found an ancient bone altar of Kikubaaqudgha.
  2110 | D:2      | Reached ** piety under Lugonu
  2818 | D:3      | Noticed an ice beast
  2823 | D:3      | HP: 1/29 [ice beast (12)]
  2824 | D:3      | Slain by an ice beast

Skill      XL: |  1  2 |
---------------+-------+-----
Dodging        | 1 |  1.5
Maces & Flails | 2 |  2.6
Armour         | 2 |  2.1
Invocations    | 3 |  3.3
Fighting       | |  3.3

Action                   || total
-------------------------++-------
Melee: Mace              ||   121
       Kick              ||    17
  Use: Potion            ||     2
  Eat: Chunk             ||     2
       Ration            ||     1
Armor: Leather armour    ||    38
Dodge: Dodged            ||    50
